 Seeded DCSS version 0.29.1 (webtiles) character file.

Game seed: 15251138685299849842 (custom seed)

193 bwicke the Stinger (level 6, 0/29 (32) HPs)
             Began as a Kobold Venom Mage on Sept 13, 2022.
             Hit by a stone thrown by a kobold (1 damage)
             ... on level 4 of the Dungeon.
             The game lasted 00:07:25 (3986 turns).

bwicke the Stinger (Kobold Venom Mage)              Turns: 3986, Time: 00:07:25

HP:   0/29 (32)     AC:  2    Str:  5    XL:     6   Next: 2%
MP:   9/9           EV: 15    Int: 19    God:
Gold: 168           SH:  5    Dex: 20    Spells: 8/9 levels left

rFire   . . .      SeeInvis .   o - +4 dagger of Noon {vorpal, rPois Dex+5}
rCold   . . .      Faith    .   (no shield)
rNeg    . . .      Spirit   .   a - +0 robe
rPois   +          Reflect  +   (no helmet)
rElec   .          Harm     .   (no cloak)
rCorr   .          Rampage  .   (no gloves)
Will    .....                   (no boots)
Stlth   +++.......              h - amulet of reflection
HPRegen 0.09/turn               (no ring)
MPRegen 0.11/turn               (no ring)

@: drained
A: small, no large weapons, nightstalker 3
a: no special abilities


You were on level 4 of the Dungeon.
You visited 1 branch of the dungeon, and saw 4 of its levels.

You collected 168 gold pieces.

Inventory:

Hand Weapons
 d - a +0 dagger
 f - a +2 dagger of protection
 l - a +0 dagger of electrocution
 n - a +0 sling
 o - the +4 dagger of Noon (weapon) {vorpal, rPois Dex+5}
   (You found it on level 2 of the Dungeon)

   It inflicts extra damage upon your enemies.
   Dex:       It affects your dexterity (+5).
   rPois:     It protects you from poison.
 u - a +1 dagger of speed
Missiles
 c - 48 stones
Armour
 a - a +0 robe (worn)
Jewellery
 h - an amulet of reflection (around neck)
Wands
 s - a wand of acid (4)
Scrolls
 e - 2 scrolls of teleportation
 g - a scroll of vulnerability
 j - a scroll of poison {unknown}
 m - a scroll of summoning {unknown}
 r - a scroll of blinking
 t - a scroll of noise {unknown}
Potions
 b - 2 potions of magic
 i - 2 potions of brilliance {unknown}
 k - a potion of flight {unknown}
 p - a potion of might {unknown}
 q - a potion of curing {unknown}


   Skills:
 - Level 2.4 Dodging
 - Level 2.6 Stealth
 - Level 2.1 Spellcasting
 - Level 1.0 Transmutations
 + Level 6.2 Poison Magic


You had 8 spell levels left.
You knew the following spells:

 Your Spells              Type           Power      Damage    Failure   Level
a - Sting                 Tmut/Pois      60%        1d6       3%          1

Your spell library contained the following spells:

 Spells                   Type           Power      Damage    Failure   Level
 Poisonous Vapours        Pois/Air       26%        N/A       7%          2
 Olgreb's Toxic Radiance  Pois           25%        N/A       13%         4
 Ignite Poison            Fire/Tmut/Pois 11%        N/A       19%         3
 Mephitic Cloud           Conj/Pois/Air  9%         N/A       22%         3
 Dazzling Flash           Conj/Hex       4%         N/A       45%         3
 Animate Dead             Necr           2%         N/A       86%         4
 Iskenderun's Mystic Bla  Conj/Tloc      2%         2d3       86%         4
 Freezing Cloud           Conj/Ice/Air   1%         6-21      99%         5
 Iskenderun's Battlesphe  Conj           2%         2d6       99%         5
 Summon Forest            Summ/Tloc      1%         N/A       99%         5
 Eringya's Noxious Bog    Tmut/Pois      7%         N/A       99%         6
 Iron Shot                Conj/Erth      1%         9d1       100%        6
 Starburst                Conj/Fire      1%         6d3       100%        6
 Haunt                    Necr/Summ      1%         N/A       100%        7
 Spellforged Servitor     Conj/Summ      1%         N/A       100%        7
 Summon Hydra             Summ           1%         N/A       100%        7
 Infestation              Necr           1%         N/A       100%        8


Dungeon Overview and Level Annotations

Branches:
Dungeon (4/15)
 Temple: D:4-7

Altars:
Kikubaaqudgha

Shops:
D:3 (=


Innate Abilities, Weirdness & Mutations

You are small and have problems with some larger weapons.
You are completely attuned to the shadows.


Message History

You closely miss the necrophage.
The necrophage is lightly damaged.
You block the necrophage's attack.
You closely miss the necrophage.
The necrophage is lightly damaged.
You block the necrophage's attack.
You closely miss the necrophage.
The necrophage is lightly damaged.
The necrophage closely misses you.
You puncture the necrophage!
The necrophage is moderately damaged.
The necrophage hits you.
You feel drained.
You hit the necrophage.
The necrophage is heavily damaged.
The necrophage hits you!
* * * LOW HITPOINT WARNING * * *
You feel drained.
* * * LOW HITPOINT WARNING * * *
The necrophage attacks as you move away!
The necrophage misses you.
Okay, then.
Unknown command.
Okay, then.
Unknown command.
Blink to where?
Press: ? - help, Dir - move target, p - necrophage
As you read the scroll of blinking, it crumbles to dust.
Aiming: Corrosive Bolt
Press: ? - help, Shift-Dir - straight line, f - necrophage
Aim: a necrophage (translocational energy, heavily damaged, 71% to hit)
The bolt of acid hits the necrophage!
The acid corrodes the necrophage!
The necrophage is almost destroyed.
You hear a shout!
A kobold comes into view. It is wielding a +0 short sword.
Aiming: Corrosive Bolt
Press: ? - help, Shift-Dir - straight line, f/p - necrophage
Aim: a necrophage (almost destroyed, covered in acid, 71% to hit)
The bolt of acid misses the necrophage.
The kobold throws a stone.
The stone hits you.
You die...

### ###### #.# #....#
####.###....#
#......'....#####
#.######.§n..@..#
#.#....#.###.##.# ##
#.#....#.# #.##.####
...#.#....#.#
........####
#........#.##.K#.##<.....
.....#......# . #.
##.###. #.#####.#.### #.
#.# #. #....#.#### #. #.#
......).[.# #.#


You could see a necrophage (corroded) and a kobold.

Vanquished Creatures
  A jelly (D:4)
  An iguana (D:4)
  An orc wizard (D:4)
  5 adders
  A worm (D:2)
  2 dart slugs (D:2)
  2 orcs (D:4)
  6 ball pythons
  7 endoplasms
  A giant cockroach (D:1)
  5 goblins
  4 hobgoblins
  4 jackals (D:3)
  3 bats
  5 frilled lizards
  9 kobolds
  5 rats
62 creatures vanquished.

Notes
Turn   | Place    | Note
-------+----------+-------------------------------------------
     0 | D:1      | bwicke the Kobold Venom Mage began the quest for the Orb.
     0 | D:1      | Reached XP level 1. HP: 10/10 MP: 3/3
   180 | D:1      | Reached XP level 2. HP: 8/15 MP: 1/5
   329 | D:1      | Found a faded altar of an unknown god.
   730 | D:1      | Reached skill level 4 in Poison Magic
   730 | D:1      | Reached XP level 3. HP: 19/19 MP: 6/6
  1295 | D:2      | Identified the +4 dagger of Noon {vorpal, rPois Dex+5}
  1475 | D:2      | Reached XP level 4. HP: 24/24 MP: 3/7
  2308 | D:3      | Reached skill level 5 in Poison Magic
  2511 | D:3      | Found Pityrch's Weapon Emporium.
  2770 | D:3      | Found an ancient bone altar of Kikubaaqudgha.
  2779 | D:3      | Reached XP level 5. HP: 14/28 MP: 6/8
  3022 | D:3      | Found Ovi Elib's Jewellery Shop.
  3810 | D:4      | Reached skill level 6 in Poison Magic
  3820 | D:4      | Reached XP level 6. HP: 6/32 MP: 2/9
  3980 | D:4      | HP: 1/29 [necrophage (3)]
  3986 | D:4      | Hit by a stone thrown by a kobold

Illustrated notes

Levels and vault maps discovered:
D:1:      dpeg_arrival_pond, layout_rooms,
          hellmonk_ecumenical_altar_pennies_from_heaven, grunt_decor_junction,
          minmay_misc_feat_roman
D:2:      layout_basic
D:3:      layout_basic, lemuel_tele_altar, nicolae_overflow_crystal_walls,
          serial_shops, shop, nicolae_shop_crystal
D:4:      layout_basic, minmay_misc_feat_five, minmay_hollow_rounded_squares

Skill      XL: |  1  2  3  4  5 |
---------------+----------------+-----
Poison Magic   | 4 5 6 |  6.2
Dodging        | |  2.4
Stealth        | |  2.6
Spellcasting   | |  2.1
Transmutations | |  1.0

Action                   |  1- 3 |  4- 6 || total
-------------------------+-------+-------++-------
Melee: Dagger            |    55 |    58 ||   113
       Unarmed           |     1 |       ||     1
       Punch             |       |     1 ||     1
 Cast: Sting             |    18 |    20 ||    38
Evoke: Wand              |       |     3 ||     3
  Use: Scroll            |       |     4 ||     4
 Stab: Sleeping          |    13 |    10 ||    23
Armor: Robe              |     3 |     3 ||     6
Dodge: Dodged            |    31 |    36 ||    67
Block: Other             |     2 |    13 ||    15
       Reflection        |     1 |       ||     1
